 Dungeon Crawl Stone Soup version 0.18.1-5-g4a78601 (webtiles) character file.

11 BigBluFrog the Covered (level 2, 0/23 HPs)
             Began as a Formicid Wanderer on May 12, 2016.
             Succumbed to a kobold's poison
             ... on level 1 of the Dungeon.
             The game lasted 00:02:23 (245 turns).

BigBluFrog the Covered (Formicid Wanderer)           Turns: 245, Time: 00:02:24

Health: 0/23       AC:  6    Str: 15    XL:     2   Next: 40%
Magic:  3/3        EV: 10    Int: 13    God:
Gold:   51         SH:  0    Dex:  9    Spells: 1 memorised, 2 levels left

rFire  . . .     SeeInvis +     e - +0 dagger
rCold  . . .     Gourm    .     c - +0 ring mail
rNeg   . . .     Faith    .     (no shield)
rPois  .         Spirit   .     (helmet unavailable)
rElec  .         Dismiss  .     (no cloak)
rCorr  .         Reflect  .     (no gloves)
SustAt .         Harm     .     (no boots)
MR     .....     Clarity  +     h - amulet of regeneration
Stlth  +.........               (no ring)
                                (no ring)

@: lethally poisoned (0 -> -3), not resistant to hostile enchantments, very
unstealthy
A: permanent stasis, dig shafts and tunnels, four strong arms, antennae 3, icy
blue scales 1, clarity, low mp 1
a: Dig, Shaft Self


You were on level 1 of the Dungeon.
You were not hungry.

You visited 1 branch of the dungeon, and saw 1 of its levels.

You collected 51 gold pieces.

Inventory:

Hand Weapons
 e - a +0 dagger (weapon)
 l - a +2 short sword of venom
Armour
 c - a +0 ring mail (worn)
Jewellery
 h - an amulet of regeneration (around neck)
Scrolls
 d - a scroll of magic mapping {unknown}
 i - 2 scrolls of identify {unknown}
 k - a scroll of recharging {unknown}
Books
 a - a book of Changes

   Spells                             Type                      Level
   a - Beastly Appendage              Transmutation                1
   b - Sticks to Snakes               Transmutation                2
   c - Spider Form                    Transmutation/Poison         3
   d - Ice Form                       Ice/Transmutation            4
   e - Blade Hands                    Transmutation                5
 b - the Volume of the Glacier

   Spells                             Type                      Level
   a - Freeze                         Ice                          1
   b - Ozocubu's Armour               Charms/Ice                   3
Comestibles
 f - a bread ration
 j - 2 meat rations


   Skills:
 - Level 2.4 Fighting
 + Level 3.8 Armour
 - Level 2.5 Stealth
 - Level 1.1 Spellcasting
 - Level 1.1 Transmutations
   Level 1.3 Poison Magic


You had 2 spell levels left.
You knew the following spells:

 Your Spells              Type           Power        Failure   Level  Hunger
a - Beastly Appendage     Trmt           #.....       38%         1    ##.....


Dungeon Overview and Level Annotations

Branches:
Dungeon (1/15)

Altars:


Innate Abilities, Weirdness & Mutations

You are under a permanent stasis effect.
You can dig through walls and to a lower floor.
Your four strong arms can wield two-handed weapons with a shield.
You have a pair of large antennae on your head (SInv).
You are partially covered in icy blue scales (AC +1).
You possess an exceptional clarity of mind.
Your magical capacity is low (-10% MP).


Message History

Okay, then.
Okay, then.
You feel sick.
* * * LOW HITPOINT WARNING * * *
You feel sick.
* * * LOW HITPOINT WARNING * * *
You feel sick.
* * * LOW HITPOINT WARNING * * *
You feel sick.
You see here a giant newt corpse.
* * * LOW HITPOINT WARNING * * *
You feel sick.
* * * LOW HITPOINT WARNING * * *
You feel sick.
* * * LOW HITPOINT WARNING * * *
You feel sick.
You open the door.
* * * LOW HITPOINT WARNING * * *
You feel sick.
You die...

......# #..#.....#.
......###. #.#.#.#.#
......... ⌠.###.⌠.
......### #.#.#.#
.....#.#.###.#.##
#####+#..#.⌠.###.⌠$###
......#...# ##.#.###.
########.)..####.#.###.#
$......@.†.#.##.8.###.8.
########...##.##.###.#.#
...............#.....#.
#########.####...#.#...
#.†........>...
#..............
#.#.#.#.#.#.#.#
#......#.......
##..#.#.#...#.#


There were no monsters in sight!

Vanquished Creatures
  2 giant geckos (D:1)
  2 goblins (D:1)
  A bat (D:1)
  2 giant newts (D:1)
  2 kobolds (D:1)
  A rat (D:1)
10 creatures vanquished.

Notes
Turn   | Place    | Note
--------------------------------------------------------------
     0 | D:1      | BigBluFrog the Formicid Wanderer began the quest for the Orb.
     0 | D:1      | BigBluFrog set off with: a book of Changes, the Volume of the Glacier, a +0 ring mail, a +0 club, a +0 dagger, a bread ration
     0 | D:1      | Reached XP level 1. HP: 16/16 MP: 2/2
     0 | D:1      | Identified the Volume of the Glacier
     2 | D:1      | Learned a level 1 spell: Beastly Appendage
   187 | D:1      | Reached XP level 2. HP: 23/23 MP: 3/3
   236 | D:1      | Gained mutation: You are partially covered in icy blue scales (AC +1). [potion of mutation]
   236 | D:1      | Gained mutation: Your magical capacity is low (-10% MP). [potion of mutation]
   236 | D:1      | Gained mutation: You possess an exceptional clarity of mind. [potion of mutation]
   243 | D:1      | HP: 1/23 [poisoned by a kobold]
   245 | D:1      | Succumbed to a kobold's poison

Action                   || total
-------------------------++-------
Melee: Dagger            ||    47
  Use: Potion            ||     1
Armor: Ring mail         ||    18
Dodge: Dodged            ||    33
